Map: 亚历山大港 - 天梯版

Players

Maru - Winner!

  • Race: Terran Terran
  • League: Gold

Neeb

  • Race: Protoss Protoss

Event: WESG 2018 Grand Finals

VOD

Have the link to the VOD?

Description

Time

  • Played on: March 14, 2019, 6:46 a.m.
  • Length: 6:54

All games in this series

Show
View Real Time Build Order
Export as new Build Order

Maru Terran - Winner!

Build Orders: Gas First Reaper Expand 

Get SALT Encoding   

  12  0:00  SCV  
  13  0:12  SCV  
  14  0:17  Supply Depot  
  14  0:24  SCV  
  15  0:30  Refinery  
  15  0:39  SCV  
  16  0:45  Barracks  
  16  0:51  SCV  
  17  1:03  SCV  
  18  1:15  SCV  
  19  1:33  Reaper, Orbital Command  
  20  1:49  Command Center  
  20  1:57  Factory  
  20  2:00  SCV  
  21  2:08  Barracks Reactor  
  21  2:12  SCV  
  22  2:17  Supply Depot  
  22  2:23  Refinery  
  22  2:25  SCV  
  23  2:39  SCV  
  24  2:45  Starport  
  24  2:49  Hellion x2  
  24  2:51  SCV  
  29  3:00  Orbital Command  
  29  3:02  Marine  
  29  3:04  SCV  
  31  3:14  Hellion  
  31  3:15  Hellion  
  31  3:18  SCV  
  36  3:22  Medivac  
  38  3:28  SCV  
  38  3:32  Supply Depot  
  39  3:34  SCV  
  39  3:40  SCV  
  39  3:41  Widow Mine x2  
  45  3:46  Barracks Tech Lab  
  45  3:47  SCV  
  46  3:53  SCV  
  48  3:58  Medivac  
  48  4:01  Supply Depot  
  48  4:02  Widow Mine  
  52  4:03  Widow Mine  
  52  4:05  SCV x2  
  51  4:17  SCV x2  
  50  4:25  Widow Mine x2  
  50  4:26  Marine  
  50  4:27  Stimpack  
  50  4:29  SCV x2  
  57  4:40  Bunker  
  57  4:41  SCV x2  
  59  4:46  Widow Mine  
  61  4:53  SCV  
  61  4:54  Widow Mine  
  61  4:55  Supply Depot  
  61  4:56  Barracks  
  61  4:57  Barracks  
  61  4:58  SCV  
  61  5:01  Medivac  
  61  5:05  SCV  
  62  5:17  Widow Mine x2, SCV x2  
  68  5:25  Supply Depot  
  68  5:27  Engineering Bay  
  68  5:29  SCV x2  
  68  5:35  Refinery  
  68  5:36  Marine, Refinery  
  68  5:39  Widow Mine x2  
  68  5:41  SCV x2  
  69  5:53  SCV x2  
  69  5:54  Marine, Viking  
  69  5:56  Marine x2  
  65  5:59  Missile Turret  
  65  6:00  Widow Mine x2  
  66  6:05  SCV  
  66  6:06  SCV  
  63  6:12  Marine  
  63  6:16  Barracks Reactor, Barracks Tech Lab  
  63  6:17  SCV  
  63  6:18  SCV  
  66  6:27  Widow Mine x2  
  73  6:48  Command Center  
Show
View Real Time Build Order
Export as new Build Order

Neeb Protoss 

Build Orders: 1 Gate Expand, Oracle Opening 

Get SALT Encoding   

  12  0:00  Probe  
  13  0:12  Probe  
  14  0:17  Pylon  
  14  0:24  Probe  
  15  0:32  Probe  
  15  0:38  Gateway  
  15  0:40  Probe  
  16  0:47  Assimilator  
  17  0:51  Probe  
  18  1:03  Probe  
  19  1:15  Probe  
  20  1:25  Nexus  
  20  1:35  Cybernetics Core  
  20  1:37  Probe  
  21  1:45  Assimilator  
  21  1:49  Probe  
  21  1:52  Pylon  
  22  1:59  Probe  
  22  2:01  Adept  
  22  2:08  Probe  
  26  2:16  Probe  
  27  2:25  Stargate  
  27  2:28  Probe  
  28  2:31  Adept  
  28  2:33  Probe  
  30  2:39  Warp Gate  
  30  2:40  Probe  
  30  2:41  Probe  
  33  2:51  Probe  
  33  2:52  Probe  
  35  2:59  Oracle  
  35  3:03  Probe  
  35  3:04  Probe  
  40  3:13  Pylon  
  40  3:15  Probe  
  40  3:16  Probe  
  42  3:22  Stalker  
  44  3:27  Probe  
  44  3:28  Probe  
  44  3:32  Gateway  
  44  3:33  Gateway, Oracle  
  46  3:39  Probe  
  46  3:40  Probe  
  51  3:52  Pylon, Probe x2  
  52  4:04  Probe  
  52  4:05  Probe, Phoenix  
  52  4:16  Probe  
  52  4:17  Probe  
  54  4:28  Probe  
  54  4:29  Probe  
  54  4:31  Adept x3  
  62  4:47  Probe  
  62  4:49  Probe  
  62  4:54  Pylon  
  62  4:55  Pylon  
  62  4:58  Pylon  
  62  4:59  Assimilator  
  62  5:02  Assimilator  
  62  5:07  Phoenix  
  62  5:12  Probe x2  
  66  5:14  Adept  
  66  5:15  Adept x2  
  61  5:24  Probe x2  
  61  5:27  Phoenix  
  63  5:36  Probe x2  
  63  5:41  Stalker  
  66  5:49  Probe x2  
  54  5:56  Adept x2  
  54  6:01  Probe x2  
  54  6:13  Probe x2  
  51  6:25  Probe x2  
  51  6:29  Adept x3  
  57  6:35  Robotics Facility  
  57  6:36  Probe x2  
  59  6:42  Nexus  
  59  6:43  Pylon  
Tags
 
Add a new tag
Caveats
  • Supply blocks, unpowered buildings, or Contaminate may cause inaccurate times.
  • Supply counts are checked every 10 seconds.